 Dungeon Crawl Stone Soup version 0.21.1-1-g345015f (webtiles) character file.

107 inc the Changer (level 4, -4/21 HPs)
             Began as a Felid Transmuter on June 10, 2018.
             Splashed by a jelly's acid (8 damage)
             ... on level 4 of the Dungeon.
             The game lasted 00:04:44 (2713 turns).

inc the Changer (Felid Transmuter)                  Turns: 2713, Time: 00:04:45

Health: -4/21      AC: -3    Str:  6    XL:     4   Next: 57%
Magic:  12/17      EV: 19    Int: 16    God:
Gold:   195        SH:  0    Dex: 17    Spells: 1/7 levels left
                                        Lives:  0   Deaths: 1

rFire    + + +     SeeInvis +     - Unarmed
rCold    . . .     Gourm    .   (shield unavailable)
rNeg     . . .     Faith    .   (armour unavailable)
rPois    .         Spirit   .   (helmet unavailable)
rElec    .         Reflect  .   (cloak unavailable)
rCorr    .         Harm     .   (gloves unavailable)
MR       .....                  (boots unavailable)
Stlth    ++........             (no amulet)
HPRegen  0.07/turn              f - ring of magical power
MPRegen  0.15/turn              g - ring of protection from fire

@: corroded, very slightly contaminated, quick
A: very small, no armour, no weapons or thrown items, stealth, claws 1, fangs 3,
see invisible, carnivore, clever 1, fire resistance 2, speed 1, shaggy fur 1,
slow metabolism 1, sharp paws
a: no special abilities


You were on level 4 of the Dungeon.
You were not hungry.

You visited 1 branch of the dungeon, and saw 4 of its levels.

You collected 195 gold pieces.

Inventory:

Missiles
 a - 25 arrows
Jewellery
 f - a ring of magical power (left paw)
 g - a ring of protection from fire (right paw)
 i - an uncursed ring of ice
Scrolls
 d - 2 scrolls of identify {unknown}
 e - 2 scrolls of immolation {unknown}
 j - a scroll of remove curse {unknown}
 l - a scroll of enchant weapon {unknown}
 m - a scroll of teleportation {unknown}
Potions
 h - a potion of mutation
 k - a potion of might {unknown}
 n - a potion of lignification {unknown}
Books
 b - a book of Changes

   Spells                             Type                      Level
   a - Beastly Appendage              Transmutation                1
   b - Sticks to Snakes               Transmutation                2
   c - Spider Form                    Transmutation/Poison         3
   d - Ice Form                       Ice/Transmutation            4
   e - Blade Hands                    Transmutation                5
Comestibles
 c - 8 rations


   Skills:
 - Level 3.2 Fighting
 + Level 3.6 Dodging
 - Level 3.0 Unarmed Combat
 - Level 2.0 Spellcasting
 - Level 4.2 Transmutations


You had one spell level left.
You knew the following spells:

 Your Spells              Type           Power        Failure   Level  Hunger
a - Beastly Appendage     Tmut           ###...       3%          1    #......
b - Sticks to Snakes      Tmut           ###.....     5%          2    ###....
c - Spider Form           Tmut/Pois      #.........   26%         3    ###....


Dungeon Overview and Level Annotations

Branches:
Dungeon (4/15)
 Temple: D:4-7

Altars:


Innate Abilities, Weirdness & Mutations

You cannot wear armour.
You are incapable of wielding weapons or throwing items.
Your paws allow you to move quietly. (Stealth)
You have sharp claws.
You have razor-sharp teeth.
You have supernaturally acute eyesight. (SInv)
You are carnivorous and can eat meat at any time.
You cover ground quickly.
You are covered in fur. (AC +1)
You have a slow metabolism.
Your sharp claws are effective at attacking unaware monsters.
Your mind is acute. (Int +2)
Your flesh is very heat resistant. (rF++)


Message History

An ooze comes into view.
You are too injured to fight recklessly!
You are too injured to fight recklessly!
Unknown command.
You hit the jelly.
The jelly is poisoned.
Your front legs burn!
* * * LOW HITPOINT WARNING * * *
The jelly is moderately wounded.
The jelly misses you.
Unknown command.
You completely miss the jelly.
The jelly is moderately wounded.
Your transformation is almost over.
The jelly misses you.
Unknown command.
You see here a kobold corpse.
Your transformation has ended.
The jelly hits you.
* * * LOW HITPOINT WARNING * * *
The acid corrodes you!
You are splashed with acid!
The acid burns!
You die...

##.....##
#.......#
#......(#
#.......#
#.......#
####....#
##..'....#
#.########
##...@JJ#
#######J#
J.# ..#
.÷# ÷.#
P.# P÷#


You could see a jelly and 2 oozes.

Vanquished Creatures
  An orc priest (D:3)
  2 adders (D:2)
  2 oozes
  5 worms
  3 dart slugs
  A leopard gecko (D:2)
  7 orcs
  4 giant cockroaches
  6 hobgoblins
  A quokka (D:2)
  8 bats
  2 frilled lizards (D:1)
  7 goblins
  9 kobolds
  10 rats
68 creatures vanquished.

Vanquished Creatures (collateral kills)
  An orc (D:3)
1 creature vanquished.

Vanquished Creatures (others)
  A toadstool (D:4)
1 creature vanquished.

Grand Total: 70 creatures vanquished

Notes
Turn   | Place    | Note
-------+----------+-------------------------------------------
     0 | D:1      | inc the Felid Transmuter began the quest for the Orb.
     0 | D:1      | Reached XP level 1. HP: 9/9 MP: 4/4
     3 | D:1      | Noticed an electric eel
     3 | D:1      | Noticed an electric eel
   114 | D:1      | Reached XP level 2. HP: 13/13 MP: 6/6
   599 | D:2      | Gained mutation: Your flesh is heat resistant. (rF+) [potion of mutation]
   599 | D:2      | Gained mutation: Your flesh is very heat resistant. (rF++) [potion of mutation]
   599 | D:2      | Gained mutation: Your mind is acute. (Int +2) [potion of mutation]
   613 | D:2      | Reached XP level 3. HP: 7/17 MP: 7/7
   896 | D:2      | Learned a level 2 spell: Sticks to Snakes
  1432 | D:2      | Reached skill level 3 in Transmutations
  1450 | D:2      | Reached XP level 4. HP: 15/21 MP: 8/8
  1649 | D:3      | Killed from afar by an orc priest
  1650 | D:3      | Reached XP level 3. HP: -9/17 MP: 15/16
  1692 | D:3      | Learned a level 3 spell: Spider Form
  1721 | D:3      | Reached skill level 4 in Transmutations
  1721 | D:3      | Reached XP level 4. HP: 9/21 MP: 8/8
  2713 | D:4      | Splashed by a jelly's acid

Skill      XL: |  1  2  3  4 |
---------------+-------------+-----
Fighting       | 2 3 |  3.2
Transmutations | 4 |  4.2
Dodging        | 3 |  3.6
Unarmed Combat | |  3.0
Spellcasting   | |  2.0

Action                   |  1- 3 |  4- 6 || total
-------------------------+-------+-------++-------
Melee: Unarmed           |   149 |    67 ||   216
       Bite              |    16 |     5 ||    21
       Headbutt          |     4 |       ||     4
       Punch             |       |     1 ||     1
 Cast: Beastly Appendage |     6 |     1 ||     7
       Spider Form       |     1 |     5 ||     6
       Sticks to Snakes  |       |     1 ||     1
 Abil: End Transformatio |       |     1 ||     1
  Use: Potion            |     2 |     1 ||     3
 Stab: Sleeping          |     7 |     1 ||     8
  Eat: Chunk             |     1 |     2 ||     3
Armor: Skin              |     9 |     2 ||    11
Dodge: Dodged            |   122 |    50 ||   172
